 Dungeon Crawl Stone Soup version 0.31-a0-234-gad7ace16ef (webtiles) character file.

Game seed: 2447388926627008150

5096 qw the Skirmisher (level 10, -2/89 HPs)
             Began as a Minotaur Hexslinger on July 9, 2023.
             Was a Believer of Okawaru.
             Slain by a thrashing horror (8 damage)
             ... on level 1 of the Abyss.
             The game lasted 00:03:06 (5852 turns).

qw the Skirmisher (Minotaur Hexslinger)             Turns: 5852, Time: 00:03:06

Health: -2/89      AC: 12    Str: 14    XL:     10   Next: 32%
Magic:  10/12      EV: 20    Int: 10    God:    Okawaru [**....]
Gold:   438        SH:  0    Dex: 16    Spells: 10/11 levels left

rFire   + . .        Y - +2 shortbow (drain)
rCold   + . .        (shield currently unavailable)
rNeg    . . .        c - +0 ring mail {rF+}
rPois   .            (helmet restricted)
rElec   .            i - +0 cloak
rCorr   .            s - +1 pair of gloves
SInv    .            l - +0 pair of boots
Will    .....        u - amulet of regeneration
Stlth   ++           b - +5 ring of evasion
HPRegen 1.14/turn    g - ring of protection from cold
MPRegen 0.13/turn

%: no passive effects
@: about to teleport, heroic
A: horns 2, retaliatory headbutt
a: Renounce Religion, Heroism


You were on level 1 of the Abyss.
You worshipped Okawaru.
Okawaru was pleased with you.
You visited 2 branches of the dungeon, and saw 9 of its levels.
You visited the Abyss 1 time.

You collected 562 gold pieces.
You spent 124 gold pieces at shops.


Innate Abilities, Weirdness & Mutations

You have a pair of horns on your head.
You reflexively headbutt those who attack you in melee.


   Skills:
 + Level 8.3(13.3) Fighting
 - Level 13.2(18.2) Ranged Weapons
 - Level 4.1(9.1) Armour
 - Level 4.0(9.0) Dodging
 - Level 1.0 Spellcasting
 - Level 2.0 Hexes
 - Level 4.1 Invocations


You had 10 spell levels left.
You knew the following spells:

 Your Spells              Type           Power      Damage    Failure   Level
a - Slow                  Hex            16%        N/A       26%         1

Your spell library contained the following spells:

 Spells                   Type           Power      Damage    Failure   Level
 Inner Flame              Hex/Fire       2%         N/A       77%         3
 Portal Projectile        Hex/Tloc       4%         N/A       77%         3
 Cause Fear               Hex            2%         N/A       95%         4

Inventory:

Hand Weapons
 Y - a +2 shortbow of draining (weapon)
Armour
 c - a +0 ring mail of fire resistance (worn)
 i - a +0 cloak (worn)
 l - a +0 pair of boots (worn)
 s - a +1 pair of gloves (worn)
Jewellery
 b - a +5 ring of evasion (left hand)
 g - a ring of protection from cold (right hand)
 u - an amulet of regeneration (around neck)
Wands
 t - a wand of digging (5)
Scrolls
 a - 2 scrolls of teleportation
 j - 3 scrolls of identify
Potions
 d - 2 potions of cancellation
 e - a potion of haste
 f - a potion of curing
 h - a potion of magic {unknown}
 k - 3 potions of might
 m - a potion of berserk rage {unknown}
 n - a potion of degeneration {unknown}
 o - a potion of ambrosia {unknown}
 p - a potion of invisibility {unknown}
 r - a potion of heal wounds {unknown}

Dungeon Overview and Level Annotations

Branches:
Dungeon (8/15)             Temple (1/1) D:5
   Lair: D:8-11

Altars:
Ashenzari
Cheibriados
Elyvilon
Fedhas
Gozag
Hepliaklqana
Kikubaaqudgha
Makhleb
Nemelex Xobeh
Okawaru
Qazlal
Sif Muna
Trog
Vehumet
Wu Jian
Yredelemnul
Zin
The Shining One

Shops:
D:1 (   D:5 (

Annotations:
D:8 Grum


Message History

The starcursed mass is almost destroyed.
The starcursed mass shudders and is absorbed by its neighbour.
A white draconian comes into view.
It is wielding a +1 short sword of draining.
A starcursed mass splits.
You shoot an arrow. The arrow hits the starcursed mass!
The starcursed mass is almost destroyed.
The starcursed mass shudders and is absorbed by its neighbour.
You shoot an arrow. The arrow hits the starcursed mass!
The starcursed mass is almost destroyed.
You feel like a meek peon again.
A starcursed mass splits.
5848 ||| INVOKING Heroism.
You gain the combat prowess of a mighty hero.
A thrashing horror comes into view.
A chorus of shrieks assaults your mind.
You shoot an arrow.
The arrow completely misses the starcursed mass.
The arrow hits the starcursed mass but does no damage.
The starcursed mass is almost destroyed.
The white draconian breathes frost at you.
The blast of cold hits you! You resist. A chorus of shrieks assaults your mind.
5850 ||| READING 3 scrolls of teleportation.
As you read the scroll of teleportation, it crumbles to dust.
You feel strangely unstable.
You feel the power of the Abyss delaying your translocation!
A chorus of shrieks assaults your mind. The starcursed mass misses you.
You shoot an arrow. The arrow hits the starcursed mass!
You destroy the starcursed mass!
Okawaru accepts your kill.
The starcursed mass shrieks in your mind.
The thrashing horror misses you. You furiously retaliate!
You headbutt the thrashing horror!
The thrashing horror closely misses you.
Your base Ranged Weapons skill increases to level 13!
You shoot an arrow. The arrow hits the thrashing horror!
The thrashing horror is moderately damaged.
The thrashing horror tramples you!
You die...

### #.. ##d
## . X..
#....##. X.
#.#.#.# .
##X.@# #
...#..X..#X
. #.......#
#...#....ยค#
#.....#..#.#
..#..# #...
.. ..##.#
..#. # ## #.
#....


You could see a starcursed mass, a white draconian and a thrashing horror.

Vanquished Creatures
  A two-headed ogre (D:7)
  4 raiju (Abyss:1)
  A wyvern (D:8)
  2 sky beasts
  2 orc warriors (D:8)
  2 black bears (D:5)
  2 centaurs (D:7)
  2 ogres (D:4)
  4 wolves (D:8)
  A phantom (D:4)
  3 bullfrogs
  5 scorpions
  9 wights (D:7)
  4 killer bees (D:8)
  An orc priest (D:8)
  2 starcursed masses (Abyss:1)
  4 hounds
  A jelly (D:3)
  A gnoll bouda (D:4)
  A sleepcap (D:4)
  3 iguanas
  2 orc wizards
  9 gnolls
  10 adders
  2 shadow imps
  3 white imps
  2 worms
  A dart slug (D:2)
  42 orcs
  4 ball pythons
  8 endoplasms
  6 giant cockroaches
  8 hobgoblins
  6 jackals
  2 quokkas
  5 bats
  3 frilled lizards (D:3)
  7 goblins
  6 kobolds
  6 rats
  A spectral goblin (D:4)
188 creatures vanquished.

Notes
Turn   | Place    | Note
-------+----------+-------------------------------------------
     0 | D:1      | qw the Minotaur Hexslinger began the quest for the Orb.
     0 | D:1      | Reached XP level 1. HP: 16/16 MP: 1/1
     0 | D:1      | 0 ||| qw: Version: 0.3-a-51-g015441d
     0 | D:1      | 0 ||| qw: Game counter: 4049
     0 | D:1      | 0 ||| qw: Melee chars always use a shield: true
     0 | D:1      | 0 ||| qw: God list: Okawaru
     0 | D:1      | 0 ||| qw: Allow faded altars: false
     0 | D:1      | 0 ||| qw: Do Orc after clearing Dungeon:15 true
     0 | D:1      | 0 ||| qw: Do second Lair branch before Depths: true
     0 | D:1      | 0 ||| qw: Lair rune preference: random
     0 | D:1      | 0 ||| qw: Goals: Normal
     0 | D:1      | 0 ||| PLANNING D:1-11
   205 | D:1      | Reached skill level 3 in Ranged Weapons
   302 | D:1      | Reached XP level 2. HP: 23/23 MP: 2/2
   347 | D:1      | Found a faded altar of an unknown god.
   508 | D:1      | Found Vosot's Antique Weapon Emporium.
   558 | D:1      | 558 ||| UPGRADING to +0 ring mail.
   568 | D:1      | 568 ||| DROPPING +0 robe.
   569 | D:1      | 569 ||| UPGRADING to +0 cloak.
   574 | D:1      | 574 ||| UPGRADING to +0 pair of boots.
   579 | D:1      | 579 ||| READING 4 scrolls labelled ONKOMI BIFI.
   584 | D:1      | 584 ||| READING 2 scrolls labelled OSASIN WUEFYASCH.
   585 | D:1      | 585 ||| READING scroll of enchant weapon.
   585 | D:1      | 585 ||| ENCHANTING +2 sling.
   586 | D:1      | 586 ||| READING scroll labelled ECWAPEM VEINE.
   587 | D:1      | 587 ||| READING scroll labelled QEFRIZ YRIMMYO.
   588 | D:1      | 588 ||| READING scroll labelled WENYDGHIPRE.
   589 | D:1      | 589 ||| DROPPING scroll of poison.
   605 | D:2      | 605 ||| STAIRDANCE
   686 | D:2      | Reached skill level 1 in Armour
   686 | D:2      | Reached XP level 3. HP: 29/29 MP: 3/3
   698 | D:2      | 698 ||| FLEEEEING.
   699 | D:2      | 699 ||| FLEEEEING.
   700 | D:2      | 700 ||| FLEEEEING.
   701 | D:2      | 701 ||| FLEEEEING.
   747 | D:2      | Reached skill level 4 in Ranged Weapons
   894 | D:2      | Reached XP level 4. HP: 36/36 MP: 4/4
  1055 | D:2      | 1055 ||| UPGRADING to +5 ring of evasion.
  1056 | D:2      | 1056 ||| UPGRADING to ring of protection from cold.
  1057 | D:2      | 1057 ||| READING scroll labelled CIN FOWAOPS.
  1498 | D:3      | Reached skill level 5 in Ranged Weapons
  1685 | D:3      | Reached XP level 5. HP: 41/41 MP: 5/5
  1787 | D:3      | 1787 ||| UPGRADING to +0 ring mail of fire resistance.
  1797 | D:3      | 1797 ||| DROPPING +0 ring mail.
  1798 | D:3      | 1798 ||| READING 2 scrolls labelled TUNWUY YRATT.
  1799 | D:3      | 1799 ||| READING scroll labelled VIUFEM APLE.
  1800 | D:3      | 1800 ||| DRINKING 2 bubbling dark potions.
  1801 | D:3      | 1801 ||| DRINKING 2 sapphire potions.
  1854 | D:4      | Noticed an ogre
  1859 | D:4      | Reached skill level 3 in Fighting
  1863 | D:4      | Killed an ogre
  1864 | D:4      | Reached skill level 6 in Ranged Weapons
  1864 | D:4      | Reached XP level 6. HP: 52/52 MP: 6/6
  1881 | D:4      | You fall into a shaft and drop 1 floor!
  1881 | D:5      | Entered Level 5 of the Dungeon
  1881 | D:5      | Found Gaifeirgh's Weapon Emporium.
  1901 | D:5      | 1901 ||| BUYING +1 shortbow of draining (124 gold).
  1901 | D:5      | Bought a +1 shortbow of draining for 124 gold pieces
  1901 | D:5      | 1901 ||| SWAPPING to +1 shortbow of draining.
  1902 | D:5      | 1902 ||| DROPPING +3 sling of chaos.
  1946 | D:5      | Found a stormy altar of Qazlal.
  2047 | D:4      | Found a hazy altar of Hepliaklqana.
  2369 | D:4      | Reached skill level 7 in Ranged Weapons
  2460 | D:4      | Reached XP level 7. HP: 59/59 MP: 7/7
  2811 | D:4      | 2811 ||| UPGRADING to +0 pair of gloves.
  2816 | D:4      | 2816 ||| DROPPING ring of flight.
  2817 | D:4      | 2817 ||| DROPPING ring of magical power.
  2818 | D:4      | 2818 ||| DROPPING ring of wizardry.
  2819 | D:4      | 2819 ||| DRINKING 2 yellow potions.
  2820 | D:4      | 2820 ||| DROPPING potion of brilliance.
  2856 | D:5      | Found a staircase to the Ecumenical Temple.
  2857 | D:5      | 2857 ||| PLANNING TEMPLE
  2865 | Temple   | Entered the Ecumenical Temple
  2927 | Temple   | 2927 ||| PLANNING OKAWARU WORSHIP
  3060 | Temple   | Became a worshipper of Warmaster Okawaru
  3061 | Temple   | 3061 ||| PLANNING D:1-11
  3099 | D:5      | Reached skill level 8 in Ranged Weapons
  3365 | D:5      | Reached XP level 8. HP: 66/68 MP: 8/8
  3389 | D:5      | Reached skill level 9 in Ranged Weapons
  3406 | D:5      | Reached skill level 3 in Armour
  3603 | D:5      | 3603 ||| READING scroll labelled XUKUAPR KUXKY.
  3704 | D:5      | 3704 ||| READING scroll labelled YPRUZX DAJ NEL.
  3705 | D:5      | 3705 ||| DRINKING 2 emerald potions.
  3785 | D:6      | Found a glowing silver altar of Zin.
  3785 | D:6      | Found a burning altar of Makhleb.
  3794 | D:6      | Noticed a balrug
  3794 | D:6      | Noticed an angel
  3982 | D:6      | 3982 ||| READING scroll of enchant weapon.
  3982 | D:6      | 3982 ||| ENCHANTING +1 shortbow of draining.
  4014 | D:6      | Reached * piety under Okawaru
  4015 | D:6      | Reached skill level 6 in Fighting
  4138 | D:6      | Reached skill level 3 in Dodging
  4138 | D:6      | Reached skill level 1 in Invocations
  4461 | D:6      | 4461 ||| UPGRADING to amulet of regeneration.
  4466 | D:6      | 4466 ||| READING scroll labelled USUISY PEHAMU.
  4493 | D:7      | 4493 ||| INVOKING Heroism.
  4580 | D:7      | Reached skill level 3 in Invocations
  4677 | D:7      | 4677 ||| READING scroll of brand weapon.
  4677 | D:7      | 4677 ||| BRANDING +2 shortbow of draining.
  4807 | D:7      | 4807 ||| READING scroll of enchant armour.
  4807 | D:7      | 4807 ||| ENCHANTING +0 pair of gloves.
  4849 | D:7      | Reached ** piety under Okawaru
  4850 | D:7      | 4850 ||| FLEEEEING.
  4851 | D:7      | 4851 ||| FLEEEEING.
  4873 | D:7      | Reached skill level 10 in Ranged Weapons
  4881 | D:7      | Found an ancient bone altar of Kikubaaqudgha.
  4930 | D:7      | Noticed a two-headed ogre
  4931 | D:7      | 4931 ||| INVOKING Heroism.
  4943 | D:7      | Killed a two-headed ogre
  4944 | D:7      | Reached XP level 9. HP: 33/82 MP: 9/11
  5246 | D:7      | 5246 ||| DROPPING amulet of magic regeneration.
  5247 | D:7      | 5247 ||| READING scroll labelled UDEAKHL NOLE.
  5248 | D:7      | 5248 ||| DRINKING 2 fuming red potions.
  5275 | D:7      | 5275 ||| READING 2 scrolls of identify.
  5275 | D:7      | 5275 ||| IDENTIFYING inky potion
  5276 | D:7      | 5276 ||| DROPPING potion of lignification.
  5300 | D:8      | 5300 ||| STAIRDANCE
  5302 | D:7      | 5302 ||| DRINKING 2 potions of curing.
  5302 | D:7      | 5302 ||| (to cure confusion)
  5315 | D:8      | 5315 ||| STAIRDANCE
  5384 | D:8      | 5384 ||| INVOKING Heroism.
  5395 | D:8      | Reached skill level 11 in Ranged Weapons
  5458 | D:8      | 5458 ||| READING scroll of brand weapon.
  5458 | D:8      | 5458 ||| BRANDING +2 shortbow of freezing.
  5535 | D:8      | Found a sparkling altar of Nemelex Xobeh.
  5564 | D:8      | Found a glowing golden altar of the Shining One.
  5621 | D:8      | Noticed Grum
  5622 | D:8      | 5622 ||| INVOKING Heroism.
  5633 | D:8      | Reached *** piety under Okawaru
  5634 | D:8      | Reached skill level 12 in Ranged Weapons
  5634 | D:8      | Reached XP level 10. HP: 27/89 MP: 10/12
  5636 | D:8      | 5636 ||| INVOKING Heroism.
  5636 | Abyss:1  | Cast into level 1 of the Abyss (Grum)
  5719 | Abyss:1  | 5719 ||| INVOKING Heroism.
  5736 | Abyss:1  | HP: 21/89 [raiju/living lightning (16)]
  5737 | Abyss:1  | 5737 ||| READING 4 scrolls of teleportation.
  5740 | Abyss:1  | 5740 ||| INVOKING Heroism.
  5798 | Abyss:1  | Noticed a starcursed mass
  5806 | Abyss:1  | 5806 ||| Stepping ~*~*~tactically~*~*~ (outnumbered).
  5810 | Abyss:1  | 5810 ||| Stepping ~*~*~tactically~*~*~ (outnumbered).
  5824 | Abyss:1  | 5824 ||| INVOKING Heroism.
  5845 | Abyss:1  | Noticed a white draconian
  5848 | Abyss:1  | 5848 ||| INVOKING Heroism.
  5848 | Abyss:1  | Noticed a thrashing horror
  5849 | Abyss:1  | HP: 17/89 [starcursed mass/accursed screaming (6)]
  5850 | Abyss:1  | 5850 ||| READING 3 scrolls of teleportation.
  5851 | Abyss:1  | Killed a starcursed mass
  5851 | Abyss:1  | HP: 5/89 [starcursed mass/accursed screaming (7)]
  5852 | Abyss:1  | Reached skill level 13 in Ranged Weapons
  5852 | Abyss:1  | Slain by a thrashing horror

Levels and vault maps discovered:
D:1:      amcnicky_arrival_feature_with_door, layout_rooms,
          hellmonk_ecumenical_altar_lost_god, serial_shops, shop
D:2:      layout_basic, minmay_tiny_reverse_x
D:3:      layout_loops_ring
D:4:      layout_gridville, nicolae_hepliaklqana_monster_ancestors
D:5:      layout_gridville, mainiacjoe_overflow_alcove_2,
          minmay_temple_entry_steel_oval, serial_shops, shop,
          minmay_misc_feat_doors
D:6:      layout_basic, grunt_temple_overflow_order_and_chaos_2
D:7:      layout_basic, kiku_gazebo_garden_becter
D:8:      layout_gridville, mainiacjoe_overflow_catch_the_wave, special_room
          [special_room_orc], uniq_grum
Temple:   grunt_temple_mini_profane
Abyss:1:  base:
Temple

Skill      XL: |  1  2  3  4  5  6  7  8  9 10 |
---------------+-------------------------------+-----
Ranged Weapons | 3 4 5 6 7 8 10 12 13 | 13.2
Fighting       | 2 3 4 5 8 |  8.3
Armour         | 1 2 3 4 |  4.1
Dodging        | 3 4 |  4.0
Invocations    | 4 |  4.1
Spellcasting   | |  1.0
Hexes          | |  2.0

Action                     |  1- 3 |  4- 6 |  7- 9 | 10-12 || total
---------------------------+-------+-------+-------+-------++-------
   Fire: Sling             |   117 |    82 |       |       ||   199
         Shortbow          |       |    65 |   376 |    82 ||   523
 Invoke: Heroism           |       |       |     4 |     5 ||     9
    Use: Scroll            |     6 |     3 |     9 |     2 ||    20
         Potion            |       |     2 |     4 |       ||     6
 Armour: Robe              |     7 |       |       |       ||     7
         Ring mail         |     8 |    23 |    54 |    10 ||    95
  Dodge: Dodged            |    28 |    46 |   192 |    27 ||   293

Table legend:
 A = Non-vault XP
 B = Vault XP
 C = Vault XP percentage of total XP
 D = Non-vault monster count
 E = Vault monster count
 F = Vault count percentage of total count
                 A         B        C        D         E       F
            +---------+---------+-------+---------+---------+-------
      Total |    6405 |     875 |  12.0 |     156 |      32 |  17.0
            +---------+---------+-------+---------+---------+-------
        D:1 |      34 |       0 |   0.0 |      20 |       0 |   0.0
        D:2 |      50 |      16 |  24.2 |      20 |       2 |   9.1
        D:3 |      98 |       0 |   0.0 |      19 |       0 |   0.0
        D:4 |     748 |       3 |   0.4 |      32 |       2 |   5.9
        D:5 |     559 |       0 |   0.0 |      17 |       0 |   0.0
        D:6 |     392 |       0 |   0.0 |      10 |       0 |   0.0
        D:7 |    2134 |       0 |   0.0 |      22 |       0 |   0.0
        D:8 |     646 |     856 |  57.0 |      10 |      28 |  73.7
    Abyss:1 |    1744 |       0 |   0.0 |       6 |       0 |   0.0
            +---------+---------+-------+---------+---------+-------
